 Dungeon Crawl Stone Soup version 0.31.0-11-ge490571c62 (webtiles) character file.

Game seed: 1306848757699945652

172 Destinykillz the Shield-Bearer (level 5, -2/52 HPs)
             Began as a Troll Fighter on Feb 4, 2024.
             Killed by nerve-wracking pain
             ... invoked by Grinder
              (14 damage)
             ... on level 4 of the Dungeon.
             The game lasted 00:06:43 (2168 turns).

Destinykillz the Shield-Bearer (Troll Fighter)      Turns: 2168, Time: 00:06:45

Health: -2/52      AC:  4    Str: 26    XL:     5   Next: 27%
Magic:  4/4        EV:  9    Int:  4    God:
Gold:   175        SH:  8    Dex:  9    Spells: 4/4 levels left

rFire   . .          .
                       - Unarmed
rCold   . . .        b - +0 kite shield
rNeg    . . .        a - +0 robe
rPois   .            (helmet restricted)
rElec   .            (no cloak)
rCorr   .            (gloves unavailable)
SInv    .            (boots unavailable)
Will    +....        (no amulet)
Stlth   +            e - ring of willpower
HPRegen 1.08/turn    (no ring)
MPRegen 0.09/turn

%: no passive effects
@: no status effects
A: large, unfitting armour, claws 3, regeneration 1, shaggy fur 1, tough skin 1
a: no special abilities


You were on level 4 of the Dungeon.
You visited 1 branch of the dungeon, and saw 4 of its levels.

You collected 175 gold pieces.

Inventory:

Missiles
 d - 4 poisoned darts (quivered)
 f - 2 silver javelins
Armour
 a - a +0 robe (worn)
 b - a +0 kite shield (worn)
Jewellery
 e - a ring of willpower (left claw)
 j - an amulet of the acrobat
Talismans
 p - a granite talisman
 w - a blade talisman
 y - a beast talisman
Scrolls
 g - 2 scrolls of blinking {unknown}
 m - a scroll of immolation {unknown}
 n - a scroll of noise {unknown}
 q - a scroll of teleportation {unknown}
 r - 2 scrolls of identify {unknown}
 t - a scroll of revelation {unknown}
 u - a scroll of vulnerability {unknown}
 v - a scroll of poison {unknown}
 x - a scroll of silence {unknown}
Potions
 c - 2 potions of might
 h - 2 potions of enlightenment {unknown}
 i - a potion of haste {unknown}
 k - a potion of lignification {unknown}
 l - a potion of heal wounds {unknown}
 o - a potion of berserk rage {unknown}
 s - 2 potions of curing {unknown}


   Skills:
 + Level 2.9 Fighting
 + Level 2.9 Dodging
 * Level 3.8 Shields
 * Level 3.5 Unarmed Combat
 + Level 0.6 Shapeshifting


You had 4 spell levels left.
You didn't know any spells.
Your spell library contained the following spells:

 Spells                   Type           Power      Damage    Failure   Level
 Magic Dart               Conj           0%         1d3       75%         1
 Summon Small Mammal      Summ           0%         N/A       75%         1
 Searing Ray              Conj           0%         2d4       86%         2
 Static Discharge         Conj/Air       0%         3-3/arc   86%         2
 Call Canine Familiar     Summ           0%         N/A       98%         3
 Airstrike                Air            0%         2d(0-16)  100%        4
 Fulminant Prism          Conj/Alch      0%         3d5       100%        4
 Summon Blazeheart Golem  Fire/Summ      0%         N/A       100%        4
 Summon Lightning Spire   Summ/Air       0%         N/A       100%        4


Dungeon Overview and Level Annotations

Branches:
Dungeon (4/15)
 Temple: D:4-7

Altars:
Ashenzari
Hepliaklqana
Trog

Annotations:
D:4 Grinder


Innate Abilities, Weirdness & Mutations

You are too large for most types of armour.
You have claws for hands.
Your natural rate of healing is unusually fast.
You are covered in fur. (AC +1)
You have tough skin. (AC +1)


Message History

You closely miss Grinder.
Grinder is almost dead.
Grinder hits you.
You writhe in agony.
You are too injured to fight recklessly!
You are too injured to fight recklessly!
You are too injured to fight recklessly!
You are too injured to fight recklessly!
You barely miss Grinder.
Grinder is almost dead.
You block Grinder's attack.
You closely miss Grinder.
Grinder is almost dead.
Grinder barely misses you.
You barely miss Grinder.
Grinder is almost dead.
Grinder barely misses you.
You barely miss Grinder.
Grinder is almost dead.
Grinder hits you.
You writhe in agony.
You completely miss Grinder.
Grinder is almost dead.
Grinder gestures at you. You resist with almost no effort.
You scratch Grinder.
Grinder is almost dead.
Grinder gestures at you. Pain shoots through your body!
* * * LOW HITPOINT WARNING * * *
You completely miss Grinder.
Grinder is almost dead.
You block Grinder's attack.
You closely miss Grinder.
Grinder is almost dead.
Grinder gestures at you. Pain shoots through your body!
* * * LOW HITPOINT WARNING * * *
Grinder gestures at you. Pain shoots through your body!
You die...
Grinder says, "Now the real fun starts!"

#.........K....#.........#
#.#######...#..#.....#..[#
#...#.......###.##
#...........# ### .
#...........#
.......#.##..##
....##.#..####
........)### .......@)..#
.......5..........
...........#......
..................
##.........#......
#.........#......
#...>....... .##..
#.......#...... ..


You could see Grinder.

Vanquished Creatures
  A bombardier beetle (D:3)
  A hound (D:4)
  3 adders (D:2)
  A ribbon worm (D:2)
  2 dart slugs
  An orc (D:3)
  6 ball pythons
  A bat skeleton (D:2)
  7 endoplasms
  4 giant cockroaches
  8 goblins
  4 hobgoblins
  3 jackals (D:2)
  5 quokkas
  A ball python zombie (D:2)
  6 bats
  6 frilled lizards
  2 jackal zombies (D:2)
  4 kobolds
  A quokka skeleton (D:2)
  4 rats
71 creatures vanquished.

Notes
Turn   | Place    | Note
-------+----------+-------------------------------------------
     0 | D:1      | Destinykillz the Troll Fighter began the quest for the Orb.
     0 | D:1      | Reached XP level 1. HP: 22/22 MP: 0/0
   109 | D:1      | Reached XP level 2. HP: 29/29 MP: 1/1
   346 | D:1      | Reached XP level 3. HP: 36/36 MP: 2/2
   687 | D:2      | Reached XP level 4. HP: 43/44 MP: 3/3
  1249 | D:3      | Found a bloodstained altar of Trog.
  1410 | D:3      | Found a hazy altar of Hepliaklqana.
  1621 | D:3      | Found a broken altar of Ashenzari.
  1870 | D:3      | Reached XP level 5. HP: 52/52 MP: 4/4
  1931 | D:3      | Found a faded altar of an unknown god.
  2142 | D:4      | Noticed Grinder
  2151 | D:4      | Paralysed by Grinder for 3 turns
  2168 | D:4      | Killed from afar by Grinder

Illustrated notes

Levels and vault maps discovered:
D:1:      amcnicky_arrival_double_pillar, layout_rooms
D:2:      layout_loops_ring, serial_undead, serial_undead_c, serial_undead_f,
          serial_undead_d, serial_undead_e
D:3:      layout_basic, lemuel_tele_altar, trog_butcher_becter,
          evilmike_ruin_ashenzari, ebering_ecumenical_altar_rust
D:4:      old_forge, layout_cave_pools, kennysheep_slug_shrine,
          mainiacjoe_overflow_alcove_1, serial_shops,
          nicolae_shop_tiny_statue_garden, lightli_corner_chamber,
          uniq_eustachio, uniq_robin, uniq_grinder

Skill      XL: |  1  2  3  4 |
---------------+-------------+-----
Shields        | 3 |  3.8
Unarmed Combat | 3 |  3.5
Fighting       | |  2.9
Dodging        | |  2.9
Shapeshifting  | |  0.6

Action                     |  1- 3 |  4- 6 || total
---------------------------+-------+-------++-------
  Melee: Unarmed           |   115 |    80 ||   195
  Throw: Dart              |     4 |       ||     4
 Armour: Robe              |    76 |    32 ||   108
  Dodge: Dodged            |    48 |    19 ||    67
  Block: Kite shield       |    55 |    15 ||    70
         Form:             |       |     1 ||     1
         Statue            |       |     1 ||     1
